 Dungeon Crawl Stone Soup version 0.20.0-15-g7f486f2 (webtiles) character file.

173 Zachthehappycat the Ducker (level 5, -1/27 HPs)
             Began as a Spriggan Warper on July 1, 2017.
             Slain by an orc
             ... wielding a +0 flail
              (2 damage)
             ... on level 4 of the Dungeon.
             The game lasted 00:15:06 (3703 turns).

Zachthehappycat the Ducker (Spriggan Warper)        Turns: 3703, Time: 00:15:08

Health: -1/27      AC:  2    Str:  7    XL:     5   Next: 28%
Magic:  19/20      EV: 20    Int: 14    God:
Gold:   153        SH:  0    Dex: 17    Spells: 9/11 levels left

rFire    x . .     SeeInvis +   q - +0 dagger (drain)
rCold    + . .     Gourm    .   (shield restricted)
rNeg     . . .     Faith    .   b - +0 robe
rPois    .         Spirit   .   (helmet restricted)
rElec    .         Reflect  .   (no cloak)
rCorr    .         Harm     .   (gloves unavailable)
MR       .....                  (boots unavailable)
Stlth    ++........             (no amulet)
Regen    0.1/turn               a - ring of magical power
MPRegen  0.2/turn               k - ring of ice

@: very quick
A: unfitting armour, see invisible, herbivore 3, speed 3, slow metabolism 2
a: no special abilities


You were on level 4 of the Dungeon.
You were very hungry.

You visited 1 branch of the dungeon, and saw 4 of its levels.

You collected 153 gold pieces.

Inventory:

Hand Weapons
 q - a +0 dagger of draining (weapon)
Missiles
 g - 72 stones (quivered)
 h - 43 arrows
 o - 32 sling bullets
Armour
 b - a +0 robe (worn)
Jewellery
 a - a ring of magical power (left hand)
 k - a ring of ice (right hand)
Scrolls
 i - 2 scrolls of identify
 l - a scroll of remove curse
Potions
 d - 2 potions of flight {unknown}
Books
 c - a book of Spatial Translocations

   Spells                             Type                      Level
   a - Blink                          Translocation                2
   b - Shroud of Golubria             Charms/Translocation         2
   c - Lesser Beckoning               Translocation                3
   d - Gell's Gravitas                Translocation                3
   e - Teleport Other                 Translocation                3
   f - Passage of Golubria            Translocation                4
Comestibles
 f - 2 bread rations
 n - a royal jelly


   Skills:
 + Level 2.6 Fighting
 + Level 3.3 Short Blades
 - Level 1.0 Throwing
 + Level 4.8 Dodging
 + Level 3.0 Stealth
 + Level 3.7 Spellcasting
 - Level 4.4 Translocations


You had 9 spell levels left.
You knew the following spells:

 Your Spells              Type           Power        Failure   Level  Hunger
a - Blink                 Tloc           N/A          4%          2    ##.....


Dungeon Overview and Level Annotations

Branches:
Dungeon (4/15)
 Temple: D:4-7

Altars:
The Shining One

Annotations:
D:3 Zachthehappycat's ghost, amateur SpAr


Innate Abilities, Weirdness & Mutations

You are very small and have problems with some larger weapons.
You are too small for most types of armour.
You have supernaturally acute eyesight. (SInv)
You are a herbivore.
You cover ground extremely quickly.
You need consume almost no food.


Message History

You kill the orc priest!
Your life force feels restored.
Your Stealth skill increases to level 3!
The bat completely misses you.
You miss the bat. The bat closely misses you. The bat misses you.
A hound comes into view.
You hit the bat.
You kill the bat!
The hound moves out of view.
You completely miss the orc. The orc misses you.
You hit the orc.
The orc is lightly wounded.
You hit the orc.
The orc is heavily wounded.
The orc hits you with a flail.
* * * LOW HITPOINT WARNING * * *
You hit the orc but do no damage. You drain the orc!
The orc is almost dead.
The orc hits you with a flail.
You die...

##### ...##
###h.######
####.oK......#
#...@##.###.##
.)...#####.#
##. #.# #.#
#.# #.# #.#


You could see a hound, an orc and a kobold.

Vanquished Creatures
  An orc priest (D:4)
  3 gnolls (D:2)
  4 adders
  An ooze (D:1)
  An adder skeleton (D:2)
  2 worms (D:2)
  3 dart slugs
  3 leopard geckos
  2 orcs (D:3)
  A ball python (D:2)
  6 bats
  A bat skeleton (D:2)
  A bat zombie (D:2)
  A giant cockroach (D:3)
  5 goblins
  4 hobgoblins
  7 jackals (D:2)
  2 kobolds (D:1)
  A quokka (D:2)
  2 frilled lizards
  2 quokka skeletons (D:2)
  5 rats
58 creatures vanquished.

Vanquished Creatures (others)
  A withered plant (D:2)
1 creature vanquished.

Grand Total: 59 creatures vanquished

Notes
Turn   | Place    | Note
-------+----------+-------------------------------------------
     0 | D:1      | Zachthehappycat the Spriggan Warper began the quest for the Orb.
     0 | D:1      | Reached XP level 1. HP: 10/10 MP: 5/5
   183 | D:1      | Reached XP level 2. HP: 13/15 MP: 6/6
   586 | D:1      | Learned a level 2 spell: Blink
   949 | D:2      | Reached XP level 3. HP: 7/18 MP: 8/8
  1044 | D:2      | Reached skill level 1 in Stealth
  1757 | D:2      | Reached XP level 4. HP: 23/23 MP: 9/9
  3103 | D:2      | Found a glowing golden altar of the Shining One.
  3212 | D:3      | Noticed Zachthehappycat's ghost (amateur SpAr)
  3221 | D:3      | Reached XP level 5. HP: 26/27 MP: 11/11
  3384 | D:3      | HP: 1/27 [Zachthehappycat's ghost (6)]
  3702 | D:4      | HP: 1/27 [orc/flail (4)]
  3703 | D:4      | Slain by an orc

Skill      XL: |  1  2  3  4  5 |
---------------+----------------+-----
Dodging        | 4 |  4.8
Fighting       | 2 |  2.6
Spellcasting   | 3 |  3.7
Stealth        | 1 2 3 |  3.0
Short Blades   | 3 |  3.3
Throwing       | |  1.0
Translocations | |  4.4

Action                   |  1- 3 |  4- 6 || total
-------------------------+-------+-------++-------
Melee: Short sword       |    79 |       ||    79
       Dagger            |    82 |   138 ||   220
Throw: Tomahawk          |     1 |     4 ||     5
 Cast: Blink             |     2 |     2 ||     4
  Use: Potion            |     4 |     1 ||     5
       Scroll            |     1 |     5 ||     6
 Stab: Sleeping          |     1 |       ||     1
Armor: Robe              |    29 |    20 ||    49
Dodge: Dodged            |   193 |   170 ||   363
